 Dungeon Crawl Stone Soup version 0.25.0-8-gfd19cd77bd (webtiles) character file.

Game seed: 9595435432659547326

65147 Krehm the Carver (level 14, -6/113 HPs)
             Began as a Vampire Ice Elementalist on June 16, 2020.
             Was a High Priest of Vehumet.
             Blown up by an orb spider (48 damage)
             ... with an orb of destruction
             ... on level 1 of the Spider Nest.
             The game lasted 05:04:39 (32828 turns).

Krehm the Carver (Vampire Ice Elementalist)        Turns: 32828, Time: 05:04:40

Health: -6/113     AC: 14    Str:  7    XL:     14   Next: 74%
Magic:  28/28      EV: 21    Int: 26    God:    Vehumet [*****.]
Gold:   887        SH: 11    Dex: 17    Spells: 8/33 levels left

rFire    + . .     SeeInvis +   e - +5 long sword (freeze)
rCold    . . .     Gourm    .   g - +1 buckler {AC+3}
rNeg     + + .     Faith    .   E - +2 robe {MR+}
rPois    +         Spirit   .   J - +2 hat
rElec    .         Reflect  +   Y - +0 cloak "Mecs" {rPois rF+ MR++}
rCorr    +         Harm     .   S - +2 pair of gloves "Ihuwnuss" {rN+}
MR       ++++.                  d - +0 pair of boots "Omawol" {rN+ Int+3 Dex-3}
Stlth    ++........             R - amulet of reflection
HPRegen  0.48/turn              n - ring of resist corrosion
MPRegen  0.21/turn              X - +6 ring of dexterity

@: lethally poisoned (-6 -> -21), frozen ramparts, regenerating quickly
A: no food, fangs 3, see invisible, unbreathing
a: Exsanguinate, Renounce Religion


You were on level 1 of the Spider Nest.
You worshipped Vehumet.
Vehumet was extremely pleased with you.
You were alive.

You visited 5 branches of the dungeon, and saw 21 of its levels.
You also visited: Sewer and Volcano.

You collected 1550 gold pieces.
You spent 663 gold pieces at shops.

Inventory:

Hand Weapons
 e - a +5 long sword of freezing (weapon)
 W - a +2 scimitar of flaming
Missiles
 y - 76 poisoned darts (quivered)
 P - 9 curare-tipped darts
Armour
 d - the +0 pair of boots "Omawol" (worn) {rN+ Int+3 Dex-3}
   (You bought it in a shop on level 7 of the Dungeon)

   It affects your intelligence (+3).
   It affects your dexterity (-3).
   It protects you from negative energy.
 g - a +1 buckler of protection (worn)
 s - a scarf of resistance
 E - a +2 robe of magic resistance (worn)
 J - a +2 hat (worn)
 S - the +2 pair of gloves "Ihuwnuss" (worn) {rN+}
   (You found it on level 2 of the Lair of Beasts)

   It protects you from negative energy.
 V - a +1 leather armour of fire resistance
 Y - the +0 cloak "Mecs" (worn) {rPois rF+ MR++}
   (You found it on level 4 of the Lair of Beasts)

   It protects you from fire.
   It protects you from poison.
   It affects your resistance to hostile enchantments.
Jewellery
 n - a ring of resist corrosion (left hand)
 R - an amulet of reflection (around neck)
 X - a +6 ring of dexterity (right hand)
 Z - the ring of Xomeeg {*Corrode rElec rN+ Str+2}
   (You found it on level 4 of the Lair of Beasts)

   [ring of positive energy]

   It affects your strength (+2).
   It insulates you from electricity.
   It protects you from negative energy.
   It may corrode you when you take damage.
Wands
 A - a wand of disintegration (16)
 G - a wand of enslavement (9)
 H - a wand of iceblast (30)
 L - a wand of clouds (4)
 Q - a wand of acid (29)
Scrolls
 b - 2 scrolls of enchant armour
 c - a scroll of random uselessness {unknown}
 f - a scroll of remove curse
 i - a scroll of summoning {unknown}
 j - a scroll of amnesia
 k - 2 scrolls of immolation
 o - a scroll of silence
 t - 7 scrolls of teleportation
 u - 6 scrolls of fear
 w - a scroll of fog {unknown}
 z - 2 scrolls of magic mapping
 B - a scroll of blinking {unknown}
 C - 3 scrolls of enchant weapon
 F - 2 scrolls of torment
 I - a scroll of holy word {unknown}
 M - a scroll of brand weapon {unknown}
Potions
 a - 13 potions of curing
 h - 2 potions of haste
 l - a potion of berserk rage
 m - a potion of lignification
 p - 6 potions of heal wounds
 q - a potion of mutation
 r - 2 potions of flight
 x - 3 potions of brilliance
 D - 2 potions of ambrosia
 K - a potion of cancellation
 N - a potion of resistance
Miscellaneous
 O - a phial of floods
 T - a lightning rod (4/4)


   Skills:
 + Level 11.4 Fighting
 + Level 12.2 Long Blades
 + Level 11.6 Dodging
 - Level 3.0 Stealth
 - Level 4.1 Shields
 - Level 10.2 Spellcasting
 - Level 2.0 Conjurations
 - Level 4.0 Hexes
 - Level 6.0 Charms
 - Level 3.0 Translocations
 - Level 8.0 Ice Magic
 - Level 4.0 Air Magic
 - Level 3.0 Earth Magic
 - Level 2.0 Poison Magic
 + Level 2.7 Evocations


You had 8 spell levels left.
You knew the following spells:

 Your Spells              Type           Power        Failure   Level  Hunger
a - Mephitic Cloud        Conj/Pois/Air  ####....     1%          3    N/A
b - Frozen Ramparts       Ice            ######       1%          3    N/A
c - Ozocubu's Armour      Chrm/Ice       #####...     1%          3    N/A
d - Shock                 Conj/Air       ####         1%          1    N/A
e - Iskenderun's Mystic   Conj/Tloc      ####....     4%          4    N/A
f - Stone Arrow           Conj/Erth      ####..       1%          3    N/A
g - Airstrike             Air            ####......   2%          4    N/A
h - Slow                  Hex            ####....     1%          2    N/A
i - Swiftness             Chrm/Air       #####...     1%          2    N/A

Your spell library contained the following spells:

 Spells                   Type           Power        Failure   Level  Hunger
 Irradiate                Conj/Tmut      ###.......   21%         5    N/A
 Corona                   Hex            ####...      1%          1    N/A
 Freeze                   Ice            ####         1%          1    N/A
 Inner Flame              Hex/Fire       ###.....     1%          3    N/A
 Static Discharge         Conj/Air       ####....     1%          3    N/A
 Hailstorm                Conj/Ice       #####...     1%          4    N/A
 Corpse Rot               Necr/Air       N/A          3%          2    N/A
 Portal Projectile        Hex/Tloc       ####..       3%          3    N/A
 Animate Skeleton         Necr           N/A          4%          1    N/A
 Pain                     Necr           ##..         4%          1    N/A
 Cause Fear               Hex            ####......   9%          4    N/A
 Summon Ice Beast         Ice/Summ       ####....     9%          4    N/A
 Leda's Liquefaction      Hex/Erth       ####......   11%         4    N/A
 Lightning Bolt           Conj/Air       ####......   11%         5    N/A
 Vampiric Draining        Necr           ##........   14%         3    N/A
 Animate Dead             Necr           N/A          41%         4    N/A
 Summon Forest            Summ/Tloc      ###.......   56%         5    N/A
 Agony                    Necr           ##......     77%         5    N/A
 Eringya's Noxious Bog    Tmut/Pois      ###.......   99%         6    N/A
 Hydra Form               Tmut           ##........   100%        6    N/A
 Summon Hydra             Summ           ##........   100%        7    N/A

Dungeon Overview and Level Annotations

Branches:
Dungeon (11/15)            Temple (1/1) D:4            Lair (6/6) D:10
 Shoals (0/4) Lair:3       Spider (1/4) Lair:2        Slime (0/5) Lair:6
    Orc (2/2) D:11            Elf (0/3) Orc:2         Sewer (visited)
Volcano (visited)

Altars:
Ashenzari
Cheibriados
Dithmenos
Elyvilon
Fedhas
Gozag
Hepliaklqana
Kikubaaqudgha
Makhleb
Nemelex Xobeh
Okawaru
Qazlal
Ru
Sif Muna
Trog
Uskayaw
Vehumet
Wu Jian
Xom
Yredelemnul
Zin
The Shining One
Jiyva

Shops:
D:7 [   D:10 *   Orc:2 (=}?(

Annotations:
D:3 exclusion: 2 downstairs
D:5 3 runed translucent doors, exclusion: 3 doors, jeanjacques's ghost, novice DDFi
D:6 exclusion: downstairs
D:8 1 runed translucent door, exclusion: door
Lair:2 1 runed translucent door, exclusions: door and oklob plant, Runuet's ghost, journeyman MiBe


Innate Abilities, Weirdness & Mutations

You do not eat.
Your natural rate of healing is unusually fast.
You have razor-sharp teeth.
You have supernaturally acute eyesight. (SInv)
You can survive without breathing.


Message History

The wall freezes the wolf spider!
You block the wolf spider's attack. The wolf spider barely misses you.
A jumping spider comes into view.
You hit the wolf spider. You freeze the wolf spider.
The wolf spider is almost dead.
You feel sick.
The wall freezes the wolf spider.
You kill the wolf spider!
Vehumet accepts your kill.
You feel your power returning.
The orb spider weaves a glowing orb of energy.
The jumping spider leaps!
The jumping spider is engulfed in blazing flames.
An orb of destruction comes into view.
Your icy armour cracks and falls away as you move.
You feel sick.
The jumping spider is engulfed in blazing flames.
The jumping spider leaps!
You feel very sick.
The wall freezes the jumping spider. x2; The orb of destruction hits you!!!
You die...

#### ## ### #....####.##..#
^ # s...^#..#....# ..#.
.............# #
....#######...s.....#.#
.......#..####.......^.
......s...#..........# ##
.#..°○○○@..#.....###.^#
#..○†.s......####...####
....☼○○§###.....#..†.(.....
..°☼§○### #.......###^.....
..§☼§. #.........# ...##
..### #.........# ### .
#........## #...######
#.....


You could see an orb spider and a jumping spider.

Vanquished Creatures
  Rupert (Lair:3)
  Gastronok (D:10)
  A dire elephant (Lair:6)
  An entropy weaver (Lair:2)
  Erolcha (Orc:2)
  A hydra (Lair:2)
  A catoblepas (Lair:6)
  A centaur warrior (Volcano)
  A deep troll shaman (Lair:6)
  6 death yaks (Lair:6)
  A hell knight (Volcano)
  Urug (Lair:4)
  Sonja (Lair:2)
  Pikel (D:4)
  3 wolf spiders
  3 orb spiders (Spider:1)
  3 orc knights
  A black mamba (Lair:3)
  A cyclops (D:10)
  18 elephants
  2 molten gargoyles (Volcano)
  2 merfolk sirens (Lair:3)
  Maurice (D:9)
  Joseph (Lair:1)
  A gargoyle (D:10)
  11 spiny frogs
  2 yaktaurs (Volcano)
  A rime drake (Lair:6)
  Maggie (D:7)
  3 komodo dragons
  2 demonic crawlers (Lair:2)
  5 trolls
  Prince Ribbit (D:6)
  3 polar bears
  8 jumping spiders
  19 blink frogs
  7 hippogriffs
  9 tarantellas
  13 redbacks
  A shadow (D:11)
  30 yaks
  3 basilisks
  2 fire bats (Volcano)
  Grum (D:9)
  2 hungry ghosts
  Menkaure (D:4)
  Edmund (D:6)
  2 swamp worms (Lair:4)
  9 water moccasins
  35 orc warriors
  Duvessa (D:7)
  9 porcupines
  2 sky beasts
  2 ice beasts (D:6)
  2 phantoms
  4 necrophages (D:7)
  An eye of draining (D:10)
  8 ogres
  15 centaurs
  17 crocodiles
  21 wolves
  18 bullfrogs
  A gnoll sergeant (D:11)
  A wyvern zombie (D:7)
  Dowan (D:7)
  6 scorpions
  11 wights
  2 electric eels
  2 howler monkeys
  6 lava snakes (Volcano)
  A crimson imp (D:8)
  A bullfrog zombie (D:8)
  A centaur zombie (D:10)
  A hound (D:8)
  3 jellies
  9 orc priests
  A bullfrog skeleton (D:5)
  Jessica (D:2)
  6 worker ants
  2 iguanas
  Natasha (thrice) (D:4)
  18 orc wizards
  2 hound skeletons
  A howler monkey zombie (D:5)
  A worker ant zombie (D:7)
  10 gnolls
  15 adders
  4 shadow imps
  2 adder zombies
  An adder skeleton (D:5)
  3 worms
  5 dart slugs
  5 leopard geckos
  85 orcs
  8 giant cockroaches
  8 goblins
  6 hobgoblins
  16 jackals
  13 kobolds
  6 quokkas
  7 ball pythons
  12 bats
  8 frilled lizards
  A quokka zombie (D:7)
  14 rats
  3 plants
  A toadstool (D:1)
641 creatures vanquished.

Vanquished Creatures (others)
  An orb spider (Spider:1)
  A tarantella (Spider:1)
  A slave (D:4)
  A bullfrog (D:4)
  An orc wizard (Orc:2)
  A worker ant (D:4)
  An adder skeleton (D:4)
  A leopard gecko (D:4)
  A leopard gecko skeleton (D:4)
  A bush (Lair:2)
  25 fungi
  12 plants
  3 toadstools (D:1)
50 creatures vanquished.

Grand Total: 691 creatures vanquished

Notes
Turn   | Place    | Note
-------+----------+-------------------------------------------
     0 | D:1      | Krehm the Vampire Ice Elementalist began the quest for the
                  | Orb.
     0 | D:1      | Reached XP level 1. HP: 13/13 MP: 3/3
   408 | D:1      | Reached XP level 2. HP: 19/19 MP: 0/5
  1017 | D:1      | Reached XP level 3. HP: 24/24 MP: 4/7
  1078 | D:1      | Learned a level 3 spell: Frozen Ramparts
  1490 | D:2      | Noticed Jessica
  1748 | D:2      | Reached XP level 4. HP: 30/30 MP: 8/8
  1752 | D:2      | Reached skill level 1 in Shields
  2619 | D:3      | Reached skill level 5 in Ice Magic
  2865 | D:3      | Found a glowing golden altar of the Shining One.
  3000 | D:3      | Reached XP level 5. HP: 35/35 MP: 10/10
  3364 | D:3      | Learned a level 3 spell: Ozocubu's Armour
  3438 | D:4      | Noticed Natasha
  3605 | D:4      | Noticed Menkaure
  3606 | D:4      | Noticed Pikel
  3621 | D:4      | Noticed a slave
  3697 | D:2      | Killed Jessica
  4244 | D:4      | Noticed a slave
  4268 | D:4      | Killed Pikel
  4268 | D:4      | Reached XP level 6. HP: 35/41 MP: 1/12
  4268 | D:4      | Reached XP level 7. HP: 39/46 MP: 1/13
  4728 | D:4      | Found a staircase to the Ecumenical Temple.
  4759 | D:4      | Killed Natasha
  4907 | D:4      | Killed Menkaure
  5040 | D:4      | Noticed Natasha
  5052 | D:4      | Killed Natasha
  5088 | D:4      | Noticed Natasha
  5098 | D:4      | Killed Natasha
  5337 | D:5      | Entered Level 5 of the Dungeon
  5356 | D:5      | Reached skill level 5 in Spellcasting
  5356 | D:5      | Reached XP level 8. HP: 39/52 MP: 8/15
  5457 | D:5      | Found a runed translucent gate.
  5458 | D:5      | Found a runed translucent gate.
  5459 | D:5      | Found a runed translucent gate.
  5489 | D:5      | Noticed jeanjacques's ghost (novice DDFi)
  5540 | D:5      | Found a blossoming altar of Fedhas.
  5707 | D:5      | Reached skill level 5 in Charms
  5841 | D:5      | Found a glowing drain.
  5847 | Sewer    | Entered a sewer
  7075 | D:6      | Noticed Prince Ribbit
  7082 | D:6      | Killed Prince Ribbit
  7082 | D:6      | Reached XP level 9. HP: 52/57 MP: 11/18
  7467 | D:6      | Noticed Edmund
  7483 | D:6      | Killed Edmund
  8066 | Temple   | Entered the Ecumenical Temple
  8332 | Temple   | Became a worshipper of Vehumet
  8435 | D:7      | Noticed Duvessa
  8441 | D:7      | Noticed Dowan
  8668 | D:7      | Noticed Maggie
  8680 | D:7      | Killed Maggie
  8784 | D:7      | Found Qyacuh's Antique Armour Shoppe.
  9350 | D:7      | Killed Duvessa
  9385 | D:7      | Found an ancient bone altar of Kikubaaqudgha.
  9410 | D:7      | Killed Dowan
  9715 | D:8      | Found a shimmering blue altar of Sif Muna.
  9739 | D:8      | Reached XP level 10. HP: 63/63 MP: 20/23
  9781 | D:8      | Reached * piety under Vehumet
  9781 | D:8      | Offered knowledge of Foxfire by Vehumet.
  9823 | D:8      | Found a runed translucent door.
  9824 | D:8      | Noticed an angel
 10110 | D:8      | Found a glowing silver altar of Zin.
 10274 | D:8      | Reached skill level 10 in Spellcasting
 10490 | D:8      | Reached skill level 1 in Fighting
 11064 | D:8      | Found a shadowy altar of Dithmenos.
 11066 | D:8      | Found an iron altar of Okawaru.
 11066 | D:8      | Found an opulent altar of Gozag.
 11071 | D:8      | Found a snail-covered altar of Cheibriados.
 11076 | D:8      | Found a shattered altar of Ashenzari.
 11146 | D:9      | Reached skill level 1 in Long Blades
 11358 | D:9      | Reached ** piety under Vehumet
 11358 | D:9      | Offered knowledge of Shock by Vehumet.
 11425 | D:9      | Reached skill level 2 in Long Blades
 11557 | D:9      | Reached skill level 3 in Long Blades
 11604 | D:9      | Noticed Maurice
 11801 | D:8      | Learned a level 1 spell: Shock
 11828 | D:9      | Killed Maurice
 11887 | D:9      | Noticed Grum
 11892 | D:9      | Reached skill level 4 in Long Blades
 11898 | D:9      | Killed Grum
 12261 | D:10     | Entered Level 10 of the Dungeon
 12352 | D:10     | Reached skill level 5 in Fighting
 12352 | D:10     | Reached skill level 1 in Air Magic
 12355 | D:10     | Reached skill level 5 in Long Blades
 12936 | D:10     | Offered knowledge of Mephitic Cloud by Vehumet.
 12970 | D:10     | Learned a level 3 spell: Mephitic Cloud
 13047 | D:10     | Reached XP level 11. HP: 74/80 MP: 21/25
 13242 | D:10     | Found a staircase to the Lair.
 13420 | D:10     | Reached skill level 1 in Poison Magic
 13442 | D:10     | Reached *** piety under Vehumet
 13528 | D:10     | Found Qikkoch's Assorted Antiques.
 13538 | D:10     | Bought a golden ring for 130 gold pieces
 13544 | D:10     | Bought a scroll labeled KAUPEI UNAPS for 26 gold pieces
 14193 | D:10     | Reached skill level 6 in Long Blades
 14662 | D:11     | Noticed Gastronok
 14890 | D:10     | Offered knowledge of Iskenderun's Mystic Blast by Vehumet.
 14904 | D:10     | Learned a level 4 spell: Iskenderun's Mystic Blast
 15030 | D:10     | Killed Gastronok
 15030 | D:10     | Reached skill level 1 in Conjurations
 15030 | D:10     | Reached skill level 1 in Translocations
 15209 | D:11     | Reached skill level 7 in Long Blades
 15254 | D:11     | Got an ancient whip
 15255 | D:11     | Identified the cursed +3 whip "Goblin's Undoing" {vorpal,
                  | *Drain rF+ Int+5} (You found it on level 11 of the Dungeon)
 15581 | D:11     | Found a staircase to the Orcish Mines.
 15825 | D:7      | Bought a pair of polished boots for 247 gold pieces
 15830 | D:7      | Identified the cursed +0 pair of boots "Omawol" {rN+ Int+3
                  | Dex-3} (You bought it in a shop on level 7 of the Dungeon)
 15907 | Lair:1   | Entered Level 1 of the Lair of Beasts
 16357 | Lair:1   | Reached **** piety under Vehumet
 16690 | Lair:1   | Offered knowledge of Stone Arrow by Vehumet.
 16896 | Lair:1   | Noticed Joseph
 16924 | Lair:1   | Killed Joseph
 17426 | Lair:2   | Found a hole to the Spider Nest.
 17596 | Lair:2   | Reached XP level 12. HP: 91/91 MP: 24/26
 17644 | Lair:2   | Reached skill level 5 in Dodging
 17674 | Lair:2   | Noticed Sonja
 17729 | Lair:2   | Killed Sonja
 17811 | Lair:2   | Noticed a seven-headed hydra
 17934 | Lair:2   | Killed a seven-headed hydra
 17934 | Lair:2   | Reached skill level 8 in Long Blades
 18000 | Lair:2   | Learned a level 3 spell: Stone Arrow
 18034 | Lair:2   | Found a runed translucent door.
 18037 | Lair:2   | Noticed Runuet's ghost (journeyman MiBe)
 18350 | Lair:2   | Reached skill level 1 in Earth Magic
 18395 | Lair:2   | Got a pair of bloodstained gloves
 18401 | Lair:2   | Identified the +2 pair of gloves "Ihuwnuss" {rN+} (You
                  | found it on level 2 of the Lair of Beasts)
 19214 | Lair:3   | Noticed Rupert
 19255 | Lair:3   | Killed Rupert
 19255 | Lair:3   | Reached skill level 9 in Long Blades
 20162 | Lair:3   | Found a staircase to the Shoals.
 20187 | Lair:3   | Reached ***** piety under Vehumet
 21044 | Lair:4   | Offered knowledge of Airstrike by Vehumet.
 21134 | Lair:4   | Found a dark tunnel.
 21139 | Volcano  | Entered a volcano
 21156 | Volcano  | Learned a level 4 spell: Airstrike
 21559 | Volcano  | Found a burning altar of Makhleb.
 21559 | Volcano  | Noticed a centaur warrior
 21564 | Volcano  | Reached XP level 13. HP: 88/101 MP: 17/27
 22079 | Volcano  | Learned a level 2 spell: Slow
 22940 | Lair:4   | Noticed Urug
 22966 | Lair:4   | Killed Urug
 23291 | Lair:4   | Learned a level 2 spell: Swiftness
 23763 | Lair:4   | Got a transparent cloak
 23768 | Lair:4   | Got a smoking pewter ring
 23780 | Lair:4   | Identified the cursed +0 cloak "Mecs" {rPois rF+ MR++} (You
                  | found it on level 4 of the Lair of Beasts)
 23802 | Lair:4   | Identified the ring of Xomeeg {*Corrode rElec rN+ Str+2}
                  | (You found it on level 4 of the Lair of Beasts)
 23884 | Lair:5   | Reached skill level 1 in Hexes
 24113 | Lair:5   | Reached skill level 10 in Long Blades
 25996 | Lair:6   | Entered Level 6 of the Lair of Beasts
 26219 | Lair:6   | Reached skill level 10 in Fighting
 27213 | Lair:6   | Reached skill level 10 in Dodging
 27291 | Lair:6   | Reached skill level 11 in Long Blades
 27382 | Lair:6   | Found a staircase to the Slime Pits.
 27383 | Lair:6   | Found a viscous altar of Jiyva.
 27819 | Lair:6   | Reached XP level 14. HP: 106/111 MP: 14/28
 28457 | Orc:1    | Entered Level 1 of the Orcish Mines
 28529 | Orc:2    | Entered Level 2 of the Orcish Mines
 28917 | Orc:2    | Found a staircase to the Elven Halls.
 28964 | Orc:2    | Found Zoecle's Antique Weapon Emporium.
 29324 | Orc:2    | Offered knowledge of Irradiate by Vehumet.
 29559 | Orc:2    | Found Pasuith's Gadget Boutique.
 29559 | Orc:2    | Found Piladoemn's Jewellery Shoppe.
 29561 | Orc:2    | Found Nulere's Antique Weapon Emporium.
 29571 | Orc:2    | Found Xutaff's Magic Scroll Shop.
 29918 | Orc:2    | Noticed Erolcha
 29929 | Orc:2    | Killed Erolcha
 30414 | Spider:1 | Entered Level 1 of the Spider Nest
 30504 | Spider:1 | Reached skill level 1 in Evocations
 30516 | Spider:1 | Noticed an entropy weaver
 30971 | Orc:2    | Bought an uncursed ring of resist corrosion for 260 gold
                  | pieces
 31212 | Lair:2   | Killed an entropy weaver
 31570 | Lair:2   | Reached skill level 12 in Long Blades
 32828 | Spider:1 | Blown up by an orb spider

Illustrated notes

Levels and vault maps discovered:
D:1:      ldierk_water_garden, layout_basic, hex_intersection
D:2:      layout_basic, uniq_jessica
D:3:      layout_basic, nicolae_tso_carved_into_rock
D:4:      layout_basic, minmay_temple_entry_tees, uniq_pikel, uniq_natasha,
          uniq_menkaure
D:5:      layout_cave_pools, gammafunk_ghost_necromancy, portal_sewer_entry_e,
          first_ration, basic_altar, nrook_campfire
D:6:      layout_cave_pods, uniq_prince_ribbit1, uniq_edmund
D:7:      layout_loops_ring, lemuel_doored_altar, serial_shops, shop,
          serial_undead, serial_undead_f, serial_undead_c, serial_undead_e,
          serial_undead_c, uniq_maggie, uniq_duvessa
D:8:      layout_loops_corners, minitemple, basic_altar, lemuel_angel_altar
D:9:      layout_rooms, uniq_grum, uniq_maurice
D:10:     layout_loops_ring, grunt_lair_entry_orc_guard_hut, serial_shops, shop
D:11:     layout_big_octagon, orc_0_dummy, uniq_gastronok
Temple:   nicolae_temple_elliptical
Lair:1:   layout_chaotic_city, grunt_megastairs_2, uniq_joseph
Lair:2:   layout_regular_city, spider_nest_entry_a, ebering_ghost_inner_flame,
          minmay_lair_oklob_items, uniq_sonja
Lair:3:   layout_cave_pods, elwin_shoals_entry_rooms, uniq_rupert
Lair:4:   layout_layer_cave, nicolae_volcano_entry_s_turn, worms_lemuel,
          infiniplex_staircase_pool, uniq_urug
Lair:5:   layout_hall_layers, kennysheep_basilisk_garden
Lair:6:   grunt_lair_end_beastmaster, layout_regular_city, slime_altar_1
Spider:1: layout_spider_delve, special_room [special_room_bee]
Orc:1:    layout_diamond_mine
Orc:2:    st_orc_rangers, layout_caves, serial_shops, nicolae_shop_trees,
          abandoned_shop, uniq_erolcha

Skill      XL: |  1  2  3  4  5  6  7  8  9 10 11 12 13 14 |
---------------+-------------------------------------------+-----
Spellcasting   | 3 4 5 6 9 10 | 10.2
Shields        | 1 3 4 |  4.1
Ice Magic      | 5 6 7 8 |  8.0
Charms         | 3 4 6 |  6.0
Fighting       | 5 7 9 10 11 | 11.4
Long Blades    | 5 7 9 11 12 | 12.2
Air Magic      | 2 4 |  4.0
Poison Magic   | 2 |  2.0
Dodging        | 4 7 10 11 | 11.6
Conjurations   | 2 |  2.0
Translocations | 2 3 |  3.0
Earth Magic    | 3 |  3.0
Hexes          | 4 |  4.0
Evocations     | 2 |  2.7
Stealth        | |  3.0

Action                   |  1- 3 |  4- 6 |  7- 9 | 10-12 | 13-15 || total
-------------------------+-------+-------+-------+-------+-------++-------
Melee: Unarmed           |     3 |       |       |       |       ||     3
       Bite              |     8 |    12 |    23 |    49 |    85 ||   177
       Dagger            |     9 |       |   225 |   713 |    12 ||   959
       Short sword       |    51 |   152 |   162 |       |       ||   365
       Long sword        |       |       |       |       |   721 ||   721
Throw: Dart              |       |       |       |       |     4 ||     4
 Cast: Freeze            |    32 |    20 |    20 |       |       ||    72
       Ozocubu's Armour  |       |       |    16 |    44 |    63 ||   123
       Frozen Ramparts   |       |       |    27 |    78 |    57 ||   162
       Shock             |       |       |       |     8 |     2 ||    10
       Mephitic Cloud    |       |       |       |    14 |    17 ||    31
       Stone Arrow       |       |       |       |    15 |    16 ||    31
       Iskenderun's Myst |       |       |       |     1 |    24 ||    25
       Slow              |       |       |       |       |     7 ||     7
       Airstrike         |       |       |       |       |     3 ||     3
       Swiftness         |       |       |       |       |     2 ||     2
Evoke: Wand              |       |       |       |       |     1 ||     1
  Use: Scroll            |       |     4 |     3 |    19 |    10 ||    36
 Stab: Sleeping          |     2 |     9 |     5 |     3 |     2 ||    21
       Distracted        |       |       |     1 |       |       ||     1
       Confused          |       |       |       |     3 |     6 ||     9
       Petrified         |       |       |       |       |     4 ||     4
       Petrifying        |       |       |       |       |     1 ||     1
Armor: Robe              |     6 |       |       |   105 |   198 ||   309
       Leather armour    |    17 |    52 |    93 |       |     2 ||   164
       Swamp dragon scal |       |       |    28 |   110 |     6 ||   144
Dodge: Dodged            |    35 |    86 |   161 |   307 |   565 ||  1154
Block: Buckler           |    12 |    35 |    87 |   217 |   531 ||   882
       Reflection        |       |       |       |     2 |    51 ||    53
       Rpst.: Long sword |       |       |       |       |   106 ||   106
